 Dungeon Crawl Stone Soup version 0.26-b1-57-gb162d0664a (webtiles) character file.

Game seed: 17177807306120637834

172 Goreval the Conjurer (level 5, -3/31 HPs)
             Began as an Octopode Conjurer on Jan 8, 2021.
             Killed from afar by Sigmund (7 damage)
             ... with a magic dart
             ... on level 2 of the Dungeon.
             The game lasted 00:02:41 (2312 turns).

Goreval the Conjurer (Octopode Conjurer)            Turns: 2312, Time: 00:02:42

Health: -3/31      AC:  1    Str:  7    XL:     5   Next: 53%
Magic:  1/9        EV: 13    Int: 21    God:
Gold:   103        SH:  0    Dex: 10    Spells: 3/9 levels left

rFire    . . .     SeeInvis .   a - +0 dagger
rCold    . . .     Faith    .   (no shield)
rNeg     . . .     Spirit   .   (helmet restricted)
rPois    .         Reflect  .   (no amulet)
rElec    .         Harm     .   (no ring)
rCorr    .         Rampage  .   (no ring)
Will     .....                  (no ring)
Stlth    ++........             (no ring)
HPRegen  0.10/turn              (no ring)
MPRegen  0.11/turn              (no ring)
                                (no ring)
                                (no ring)

@: confused
A: almost no armour, stealthy swim, amphibious, 8 rings, constrict 8, camouflage
1, gelatinous body 1
a: no special abilities


You were on level 2 of the Dungeon.
You visited 1 branch of the dungeon, and saw 2 of its levels.

You collected 103 gold pieces.

Inventory:

Hand Weapons
 a - a +0 dagger (weapon)
Missiles
 f - 73 stones
Scrolls
 b - 2 scrolls of identify {unknown}
 d - a scroll of immolation {unknown}
 g - a scroll of remove curse {unknown}
 h - a scroll of magic mapping {unknown}
 j - a scroll of fear {unknown}
 k - a scroll of teleportation {unknown}
 m - a scroll of random uselessness {unknown}
Potions
 c - 2 potions of flight {unknown}
 e - a potion of magic {unknown}
 i - a potion of curing {unknown}
 l - a potion of might {unknown}


   Skills:
 + Level 3.0 Dodging
 + Level 4.2 Stealth
 + Level 2.9 Spellcasting
 * Level 5.2 Conjurations


You had 3 spell levels left.
You knew the following spells:

 Your Spells              Type           Power        Failure   Level
a - Magic Dart            Conj           96%          1%          1
b - Searing Ray           Conj           48%          2%          2
c - Dazzling Flash        Conj/Hex       26%          14%         3

Your spell library contained the following spells:

 Spells                   Type           Power        Failure   Level
 Fulminant Prism          Conj/Hex       6%           43%         4
 Iskenderun's Mystic Bla  Conj/Tloc      13%          43%         4


Dungeon Overview and Level Annotations

Branches:
Dungeon (2/15)

Altars:
Elyvilon

Annotations:
D:2 Sigmund


Innate Abilities, Weirdness & Mutations

You cannot wear most types of armour.
You are very stealthy in the water. (Stealth+)
You are amphibious.
You can wear up to eight rings at the same time.
You can use your tentacles to constrict eight enemies at once.
Your skin changes colour to match your surroundings (Stealth+).
Your rubbery body absorbs attacks. (AC +1, EV +1)


Message History

Okay, then.
You bump into the rock wall.
Sigmund casts a spell at you. The puff of flame hits you!
* * * LOW HITPOINT WARNING * * *
An adder comes into view.
You bump into the rock wall.
Sigmund misses you. Sigmund casts a spell at you.
You are more confused.
Here: Sigmund, wielding a +0 scythe and wearing a cursed +0 robe (almost dead)
The floor.
You bump into the rock wall.
Sigmund casts a spell at himself.
Sigmund flickers and vanishes!
Deactivating autopickup; reactivate with Ctrl-A.
You bump into the rock wall.
You bump into the rock wall.
A magic dart appears from out of thin air!
The magic dart hits you!
You die...

#..# #.## #.# #.#
#.# #.# #.# # #
#.#######.######...
#...@.{g.).<.....g.
#########g######>#.
# .. ##


You could see 2 gnolls.

Vanquished Creatures
  Natasha (twice) (D:2)
  A worker ant (D:2)
  A gnoll (D:2)
  3 adders (D:2)
  An ooze (D:1)
  2 dart slugs
  2 leopard geckos
  3 ball pythons
  4 giant cockroaches
  7 goblins
  2 hobgoblins (D:2)
  6 jackals (D:2)
  2 quokkas (D:2)
  4 bats
  3 frilled lizards
  4 kobolds
  7 rats
54 creatures vanquished.

Notes
Turn   | Place    | Note
-------+----------+-------------------------------------------
     0 | D:1      | Goreval the Octopode Conjurer began the quest for the Orb.
     0 | D:1      | Reached XP level 1. HP: 11/11 MP: 3/3
   358 | D:1      | Reached XP level 2. HP: 17/17 MP: 0/5
   361 | D:1      | Learned a level 2 spell: Searing Ray
   685 | D:1      | Reached XP level 3. HP: 12/21 MP: 1/6
   689 | D:1      | Learned a level 3 spell: Dazzling Flash
  1490 | D:2      | Reached XP level 4. HP: 27/27 MP: 1/7
  1678 | D:2      | Noticed Natasha
  1682 | D:2      | Killed Natasha
  1783 | D:2      | Reached XP level 5. HP: 30/31 MP: 3/9
  1912 | D:2      | Reached skill level 5 in Conjurations
  1978 | D:2      | Noticed Natasha
  1983 | D:2      | Killed Natasha
  2206 | D:2      | Found a white marble altar of Elyvilon.
  2296 | D:2      | Noticed Sigmund
  2312 | D:2      | Killed from afar by Sigmund

Illustrated notes

Levels and vault maps discovered:
D:1:      lightli_arrival_statuegarden, layout_basic, chequers_decorated_corner,
          minmay_misc_feat_plants, hex_tiny
D:2:      layout_loops_ring, elyvilon_altar_1, uniq_jessica, uniq_sigmund,
          uniq_natasha

Skill      XL: |  1  2  3  4  5 |
---------------+----------------+-----
Stealth        | 3 4 |  4.2
Conjurations   | 5 |  5.2
Dodging        | 3 |  3.0
Spellcasting   | |  2.9

Action                   |  1- 3 |  4- 6 || total
-------------------------+-------+-------++-------
Melee: Dagger            |    12 |     3 ||    15
       Constrict         |     2 |     1 ||     3
       Tentacles         |     2 |       ||     2
 Cast: Magic Dart        |    46 |    31 ||    77
       Searing Ray       |     3 |     4 ||     7
 Stab: Sleeping          |     2 |       ||     2
Armor: Skin              |     1 |     1 ||     2
Dodge: Dodged            |     7 |     4 ||    11
